 Dungeon Crawl Stone Soup version 0.29.1-12-g30fa7ad0bf (webtiles) character file.

Game seed: 11178555837331660893

1100 concernfroge the Trooper (level 8, -3/67 HPs)
             Began as a Mummy Monk on Dec 25, 2022.
             Was a Follower of Ru.
             Slain by a wraith (7 damage)
             ... on level 6 of the Dungeon.
             The game lasted 00:20:21 (5049 turns).

concernfroge the Trooper (Mummy Monk)               Turns: 5049, Time: 00:20:21

Health: -3/67      AC:  7    Str: 12    XL:     8   Next: 10%
Magic:  8/8        EV: 10    Int:  9    God:    Ru [*.....]
Gold:   156        SH:  6    Dex: 17    Spells: 7/7 levels left

rFire   . . .      SeeInvis .   e - +0 war axe
rCold   + . .      Faith    .   s - +2 buckler
rNeg    + + +      Spirit   .   n - +0 ring mail
rPois   ∞          Reflect  .   (no helmet)
rElec   .          Harm     .   u - +0 cloak
rCorr   .          Rampage  .   (no gloves)
Will    +....                   j - +0 pair of boots
Stlth   +.........              (no amulet)
HPRegen 0.21/turn               d - ring of protection from cold
MPRegen 0.11/turn               b - ring of fire

@: slowed, very slow
A: cold resistance 1, negative energy resistance 3, torment resistance 2, weak
1, heat vulnerability 1, cowardly, in touch with death 1, no potions
a: Renounce Religion


You were on level 6 of the Dungeon.
You worshipped Ru.
Ru was aware of your devotion.
You visited 1 branch of the dungeon, and saw 6 of its levels.

You collected 156 gold pieces.

Inventory:

Hand Weapons
 a - a +0 falchion
 e - a +0 war axe (weapon)
 g - a +4 vampiric spear
 r - a +0 shortbow
Missiles
 f - 37 stones (quivered)
 i - 6 poisoned darts
 q - 9 javelins
 w - 2 atropa-tipped darts
Armour
 j - a +0 pair of boots (worn)
 n - a +0 ring mail (worn)
 s - a +2 buckler (worn)
 u - a +0 cloak (worn)
Jewellery
 b - a ring of fire (right hand)
 d - a ring of protection from cold (left hand)
Wands
 t - a wand of flame (24)
Scrolls
 c - 3 scrolls of teleportation
 h - 2 scrolls of silence
 k - a scroll of summoning
 l - a scroll of noise
 p - a scroll of poison


   Skills:
 + Level 7.0 Fighting
 - Level 2.4 Long Blades
 - Level 4.0 Throwing
 - Level 2.4 Dodging
 - Level 1.5 Stealth
 - Level 4.0 Evocations


You had 7 spell levels left.
You didn't know any spells.
Your spell library contained the following spells:

 Spells                   Type           Power      Damage    Failure   Level
 Apportation              Tloc           0%         N/A       78%         1
 Ignite Poison            Fire/Tmut/Pois 0%         N/A       98%         3
 Mephitic Cloud           Conj/Pois/Air  0%         N/A       98%         3
 Alistair's Intoxication  Tmut/Pois      0%         N/A       100%        5
 Freezing Cloud           Conj/Ice/Air   0%         6-21      100%        5


Dungeon Overview and Level Annotations

Branches:
Dungeon (6/15)
 Temple: D:4-7

Altars:
Qazlal
Ru
Vehumet

Annotations:
D:3 1 runed translucent door, exclusion: door, Crazy Yiuf
D:5 2 transporters, Balder's ghost, amateur MiFi


Innate Abilities, Weirdness & Mutations

You are immune to poison.
Your flesh is cold resistant. (rC+)
You are immune to negative energy. (rN+++)
You are immune to unholy pain and torment.
You are weak. (Str -2)
You are vulnerable to heat. (rF-)
Your cowardice makes you less effective in combat with threatening foes.
You are in touch with the powers of death.
You do not drink.


Message History

You kill the orc!
The orc shoots a sling bullet.
The sling bullet hits you but does no damage.
Aiming: Throw Flame
Press: ? - help, Shift-Dir - straight line, f - orc
Aim: an orc, wielding a +0 sling and wearing a +0 ring mail (75% to hit)
The puff of flame hits the wraith!
The wraith is moderately damaged.
You hit the wraith but do no damage.
The wraith is moderately damaged.
The wraith hits you!
You hit the wraith.
The wraith is moderately damaged.
You completely miss the orc. The wraith hits you.
The wraith drains your vigour!
You feel yourself slow down.
The orc unwields a +0 sling.
The orc wields a +0 war axe.
You block the orc's attack. You block the wraith's attack.
You hit the wraith but do no damage.
The wraith is moderately damaged.
You hit the orc. The orc hits you but does no damage. The wraith hits you.
The wraith drains your vigour!
You feel as though you will be slow longer.
The orc hits you with a +0 war axe. The wraith hits you but does no damage.
The orc barely misses you.
You closely miss the orc.
The orc is lightly wounded.
You barely miss the wraith. The wraith hits you!
* * * LOW HITPOINT WARNING * * *
The wraith drains your vigour!
You feel as though you will be slow longer.
The orc hits you with a +0 war axe.
* * * LOW HITPOINT WARNING * * *
The wraith closely misses you. The orc barely misses you. The wraith hits you!
* * * LOW HITPOINT WARNING * * *
The wraith drains your vigour!
You feel as though you will be slow longer.
As you read the scroll labelled DEEFRE ALOMNUOR, it crumbles to dust.
You assume a fearsome visage.
The orc looks frightened!
The wraith is unaffected.
It was a scroll of fear.
The wraith hits you!
You die...

#......#.......#
#......'.......# ...
#......#.......# ...
##......######### ..#
........#......####'###.
........#...............
........#.........o.....
........#.......)..)....
........#.......@W....).
........#......#########
........#......##
........#.......#
........#.......#
........#.......#
........'.......#
##......#.......#
#......#.......#


You could see a wraith and an orc (fleeing).

Vanquished Creatures
  An ice beast (D:5)
  An ogre (D:5)
  A centaur (D:5)
  A gnoll sergeant (D:6)
  2 scorpions
  3 hounds
  3 orc priests
  7 iguanas
  3 orc wizards
  6 adders
  9 gnolls (D:6)
  2 shadow imps
  A worm (D:5)
  3 dart slugs
  9 orcs
  6 endoplasms
  6 giant cockroaches
  3 goblins
  7 hobgoblins
  A jackal (D:2)
  5 kobolds
  2 quokkas
  4 ball pythons
  3 bats
  A frilled lizard (D:1)
  4 rats
94 creatures vanquished.

Vanquished Creatures (others)
  A giant cockroach (D:4)
  9 plants (D:3)
10 creatures vanquished.

Grand Total: 104 creatures vanquished

Notes
Turn   | Place    | Note
-------+----------+-------------------------------------------
     0 | D:1      | concernfroge the Mummy Monk began the quest for the Orb.
     0 | D:1      | Reached XP level 1. HP: 18/18 MP: 1/1
     3 | D:1      | Noticed an electric eel
    14 | D:1      | Noticed an electric eel
   338 | D:1      | Reached XP level 2. HP: 20/24 MP: 2/2
   675 | D:2      | Reached skill level 4 in Fighting
   709 | D:2      | Found a stormy altar of Qazlal.
   860 | D:2      | Gained mutation: You are in touch with the powers of death.
                  | [Mummy growth]
   860 | D:2      | Reached XP level 3. HP: 30/30 MP: 3/3
  1309 | D:3      | Found a radiant altar of Vehumet.
  1409 | D:3      | Found a sacrificial altar of Ru.
  1412 | D:3      | Became a worshipper of Ru the Awakened
  1421 | D:3      | Gained mutation: Your cowardice makes you less effective in
                  | combat with threatening foes. [Ru sacrifice]
  1421 | D:3      | Reached * piety under Ru
  1471 | D:3      | Found a runed translucent door.
  1472 | D:3      | Noticed Crazy Yiuf
  2003 | D:3      | Reached XP level 4. HP: 38/38 MP: 4/4
  2230 | D:4      | Noticed an ogre
  2307 | D:5      | Entered Level 5 of the Dungeon
  2442 | D:4      | Noticed a scorpion
  2536 | D:5      | Noticed a centaur
  2687 | D:4      | Noticed an ice beast
  2703 | D:5      | Killed a centaur
  2704 | D:5      | Reached skill level 5 in Fighting
  2704 | D:5      | Reached skill level 1 in Throwing
  2704 | D:5      | Reached skill level 1 in Evocations
  2704 | D:5      | Reached XP level 5. HP: 36/44 MP: 5/5
  2969 | D:5      | Noticed an ogre
  2972 | D:5      | Killed an ogre
  2973 | D:5      | Reached XP level 6. HP: 51/51 MP: 6/6
  3513 | D:5      | Reached skill level 6 in Fighting
  3513 | D:5      | Reached XP level 7. HP: 57/58 MP: 7/7
  3602 | D:5      | Found a transporter.
  3605 | D:5      | Noticed Balder's ghost (amateur MiFi)
  3639 | D:5      | Found a transporter.
  4692 | D:6      | Reached XP level 8. HP: 20/65 MP: 8/8
  4970 | D:6      | Gained mutation: You are weak. (Str -2) [Ru sacrifice]
  5041 | D:6      | Reached skill level 7 in Fighting
  5049 | D:6      | Slain by a wraith

Illustrated notes

Levels and vault maps discovered:
D:1:      arrival_aquarium_b, layout_basic, shapermc_ecumenical_altar_rom_forum
D:2:      layout_loops_ring, basic_altar, minmay_pentomino_r4
D:3:      layout_basic, hangedman_ru_absence, vehumet_crystals,
          nicolae_elyvilon_temple_path, kennysheep_generic_room_13,
          uniq_crazy_yiuf_cottage
D:4:      layout_rooms
D:5:      layout_layer_cave, zin_treasury, gammafunk_ghost_stat_death,
          st_stairs_5
D:6:      minmay_cornered_nines, layout_gridville,
          hangedman_abyss_or_decor_jellyfish_corner

Skill      XL: |  1  2  3  4  5  6  7  8 |
---------------+-------------------------+-----
Fighting       | 4 5 6 7 |  7.0
Throwing       | 1 2 3 4 |  4.0
Evocations     | 1 2 3 4 |  4.0
Long Blades    | |  2.4
Dodging        | |  2.4
Stealth        | |  1.5

Action                   |  1- 3 |  4- 6 |  7- 9 || total
-------------------------+-------+-------+-------++-------
Melee: Falchion          |    48 |       |       ||    48
       Punch             |     2 |     1 |       ||     3
       War axe           |    73 |    85 |    93 ||   251
Throw: Stone             |     2 |     1 |     9 ||    12
       Dart              |       |    31 |    18 ||    49
       Boomerang         |       |       |    10 ||    10
Invok: Sacrifice Courage |     1 |       |       ||     1
       Sacrifice Purity  |       |       |     1 ||     1
Evoke: Wand              |       |     3 |    12 ||    15
  Use: Scroll            |     1 |     3 |     4 ||     8
 Stab: Sleeping          |     3 |       |       ||     3
Armor: Robe              |    17 |       |       ||    17
       Ring mail         |    17 |    51 |    36 ||   104
Dodge: Dodged            |    82 |    74 |    78 ||   234
Block: Buckler           |       |    12 |    38 ||    50
